 Dungeon Crawl Stone Soup version 0.32-a0-607-g64ea0e4219 (webtiles) character file.

Game seed: 2345571409803396127

62631 runemasterragnar the Severer (level 15, -4/119 HPs)
             Began as a Coglin Gladiator on Mar 4, 2024.
             Was the Champion of Wu Jian.
             Slain by an alligator (7 damage)
             ... on level 1 of the Swamp.
             The game lasted 00:36:07 (23421 turns).

runemasterragnar the Severer (Coglin Gladiator)    Turns: 23421, Time: 00:36:08

Health: -4/119     AC: 22    Str: 21    XL:     15   Next: 7%
Magic:  15/15      EV:  9    Int: 12    God:    Wu Jian [******]
Gold:   1996       SH:  0    Dex: 11    Spells: 13/14 levels left

rFire   . . .        G - +6 war axe (flame) {Yolanda}
rCold   + . .        j - +1 flail (protect) {Lin}
rNeg    + + +        N - +2 chain mail {rC+}
rPois   +            Z - +2 helmet
rElec   +            U - scarf of Balyz {+Inv, rElec rPois rN+++ Dex-3}
rCorr   .            r - +2 pair of gloves "Mazokku" {Int+4 Dex-2 Slay+3}
SInv    .            S - +1 pair of boots
Will    ++...        (amulet unavailable) Stlth
                     (ring unavailable)
HPRegen 0.39/turn    (ring unavailable)
MPRegen 0.14/turn    m - megascope WL-30 {Gadgeteer, Will+ Slay+3}

%: no passive effects
@: exhausted, about to teleport, revving
A: off-hand wielding, slow wielding, warmup strikes, no jewellery
a: Renounce Religion, Evoke Invisibility, Wall Jump, Serpent's Lash, Heavenly
Storm


You were on level 1 of the Swamp.
You worshipped Wu Jian.
Wu Jian was exalted by your worship.
You visited 5 branches of the dungeon, and saw 23 of its levels.
You also visited: Sewer, Bailey and Ice Cave.

You collected 1996 gold pieces.

Inventory:

Hand Weapons
 j - a +1 flail of protection (offhand) {Lin}
 s - the +1 short sword of Brutal Revenge {chaos, rElec Will+ Dex+3}
   (You found it on level 2 of the Dungeon)

   Dex+3:     It affects your dexterity (+3).
   rElec:     It insulates you from electricity.
   Will+:     It increases your willpower.
 w - a +1 mace of venom
 G - a +6 war axe of flaming (weapon) {Yolanda}
 J - a +4 scimitar of flaming
 Y - the +5 glaive of the Spheres {freeze, rElec rF++ rC+ Stlth-}
   (You found it in an ice cave)

   rF++:      It greatly protects you from fire.
   rC+:       It protects you from cold.
   rElec:     It insulates you from electricity.
   Stlth-:    It makes you less stealthy.
Missiles
 d - 4 throwing nets
 e - 25 boomerangs
 l - 16 curare-tipped darts (quivered)
 K - 9 poisoned darts
 L - 8 javelins
 M - 8 atropa-tipped darts
 O - 2 darts of dispersal
Armour
 k - the +1 chain mail of Ceafrar {^Contam rElec Int+3 Stlth+}
   (You took it off an orc on level 7 of the Dungeon)

   Int+3:     It affects your intelligence (+3).
   rElec:     It insulates you from electricity.
   ^Contam:   It causes magical contamination when unequipped.
   Stlth+:    It makes you more stealthy.
 r - the +2 pair of gloves "Mazokku" (worn) {Int+4 Dex-2 Slay+3}
   (You acquired it on level 5 of the Dungeon)

   Int+4:     It affects your intelligence (+4).
   Dex-2:     It affects your dexterity (-2).
   Slay+3:    It affects your accuracy & damage with ranged weapons and melee
   (+3).
 N - a +2 chain mail of cold resistance (worn)
 S - a +1 pair of boots (worn)
 U - the scarf of Balyz (worn) {+Inv, rElec rPois rN+++ Dex-3}
   (You acquired it on level 4 of the Lair of Beasts)

   Dex-3:     It affects your dexterity (-3).
   rElec:     It insulates you from electricity.
   rPois:     It protects you from poison.
   rN+++:     It renders you almost immune to negative energy.
 Z - a +2 helmet (worn)
Gizmo
 m - a megascope WL-30 (installed) {Gadgeteer, Will+ Slay+3}
   (You invented it yourself on level 9 of the Dungeon)

   [megascope WL-30]

   Gadgeteer: Your evocable items recharge 30% faster and wands have a 30%
   chance to not spend a charge.
   Slay+3:    It affects your accuracy & damage with ranged weapons and melee
   (+3).
   Will+:     It increases your willpower.
Talismans
 X - a blade talisman
Wands
 c - a wand of digging (3)
 p - a wand of flame (13)
 y - a wand of paralysis (20)
 A - a wand of polymorph (9)
 E - a wand of quicksilver (6)
 T - a wand of warping (16)
 V - a wand of mindburst (5)
Scrolls
 a - 2 scrolls of identify
 g - 12 scrolls of teleportation
 q - 2 scrolls of torment
 F - 4 scrolls of enchant armour
 H - 4 scrolls of immolation
 P - a scroll of vulnerability
 Q - 2 scrolls of fog
 R - a scroll of poison
Potions
 b - 3 potions of might
 f - 2 potions of lignification
 h - 4 potions of haste
 i - 3 potions of magic
 n - 5 potions of enlightenment
 t - a potion of degeneration
 u - a potion of invisibility
 v - 8 potions of curing
 x - 2 potions of cancellation
 z - 4 potions of heal wounds
 B - 3 potions of ambrosia
 C - 4 potions of attraction
 D - 4 potions of berserk rage
 I - 2 potions of brilliance
 W - 2 potions of mutation


   Skills:
 + Level 11.3 Fighting
 * Level 15.8 Axes
 + Level 10.2 Throwing
 + Level 9.7 Armour
 - Level 2.6 Dodging
 + Level 13.5 Evocations


You had 13 spell levels left.
You knew the following spells:

 Your Spells              Type           Power      Damage    Failure   Level
a - Apportation           Tloc           0%         N/A       86%         1

Your spell library contained the following spells:

 Spells                   Type           Power      Damage    Failure   Level
 Necrotise                Necr           0%         1d4       86%         1
 Sting                    Conj/Alch      0%         1d3       86%         1
 Summon Small Mammal      Summ           0%         N/A       86%         1
 Jinxbite                 Hex            0%         N/A       95%         2
 Lesser Beckoning         Tloc           0%         N/A       95%         2
 Call Canine Familiar     Summ           0%         N/A       99%         3
 Gell's Gravitas          Tloc           0%         N/A       99%         3
 Hailstorm                Conj/Ice       0%         3d5       99%         3
 Stone Arrow              Conj/Erth      0%         3d7       99%         3
 Summon Ice Beast         Ice/Summ       0%         N/A       99%         3
 Teleport Other           Tloc           0%         N/A       99%         3
 Tukima's Dance           Hex            0%         N/A       99%         3
 Animate Armour           Summ/Erth      0%         N/A       100%        4
 Leda's Liquefaction      Alch/Erth      0%         N/A       100%        4
 Summon Blazeheart Golem  Fire/Summ      0%         N/A       100%        4
 Irradiate                Conj/Alch      0%         3d11      100%        5
 Conjure Ball Lightning   Conj/Air       0%         3x3d6     100%        6
 Sculpt Simulacrum        Ice/Alch       0%         N/A       100%        6
 Ozocubu's Refrigeration  Ice            0%         4d7       100%        7
 Discord                  Hex            0%         N/A       100%        8
 Disjunction              Tloc           0%         N/A       100%        8
 Lehudib's Crystal Spear  Conj/Erth      0%         10d2      100%        8
 Polar Vortex             Ice            0%         N/A       100%        9


Dungeon Overview and Level Annotations

Branches:
Dungeon (14/15)            Temple (1/1) D:4            Lair (5/5) D:11
  Swamp (1/4) Lair:3       Spider (0/4) Lair:3        Slime (0/5) Lair:4
    Orc (2/2) D:9             Elf (0/3) Orc:2         Sewer (visited)
 Bailey (visited)           IceCv (visited)
 Vaults: D:13-14

Altars:
Ashenzari
Cheibriados
Dithmenos
Elyvilon
Fedhas
Gozag
Hepliaklqana
Kikubaaqudgha
Makhleb
Nemelex Xobeh
Okawaru
Qazlal
Ru
Sif Muna
Trog
Uskayaw
Vehumet
Wu Jian
Xom
Yredelemnul
Zin
The Shining One
Beogh
Jiyva
Lugonu

Shops:
D:4 [

Portals:
Abyss: Lair:5

Annotations:
D:3 2 runed translucent doors, CougarLife's ghost, amateur GrEE
D:11 3 runed translucent doors, exclusion: orange crystal statue
Temple 2 transporters
Lair:1 2 runed translucent doors, jamsaran's ghost, novice DgAl


Innate Abilities, Weirdness & Mutations

You can wield a second weapon in your off-hand.
It takes a long time for you to wield or remove held weapons.
Your first few attacks do less damage.
You cannot equip rings or amulets.


Message History

The alligator bites you!
The alligator tail-slaps you but does no damage.
The alligator bites you but does no damage.
A tyrant leech comes into view.
Unknown command.
As you read the scroll of teleportation, it crumbles to dust.
You feel strangely unstable. Tree limbs sway around you.
A goliath frog comes into view.
The alligator tail-slaps you but does no damage.
The alligator bites you but does no damage.
The four-headed hydra bites you but does no damage.
The four-headed hydra closely misses you.
The four-headed hydra bites you but does no damage.
The four-headed hydra barely misses you.
The will-o-the-wisp blinks!
The tyrant leech bites you!
* * * LOW HITPOINT WARNING * * *
The alligator tail-slaps you but does no damage.
The alligator bites you.
* * * LOW HITPOINT WARNING * * *
The alligator tail-slaps you.
* * * LOW HITPOINT WARNING * * *
The alligator barely misses you.
Okay, then.
Your muscles tense, ready for explosive movement...
Found 6 stones.
You spin and attack the alligator, with incredible momentum.
You hit the alligator but do no damage.
The alligator is moderately wounded.
Your unstable footing causes you to fumble your attack.
Your supernatural speed expires.
Tree limbs sway around you.
You are waved at by a branch.
A tree reaches out and hits you!
* * * LOW HITPOINT WARNING * * *
The forest calms down.
A swamp worm comes into view.
The alligator tail-slaps you!
* * * LOW HITPOINT WARNING * * *
The alligator bites you!
You die...

♣ ♣...♣ .♣~
♣~~.♣
~~~...~~♣.~.♣
~~.~w~~~♣.~.♣
♣..~~~.w.~!♣
♣..~~~~.>~♣
♣..~F♣~~~♣
♣?~~~~l@♣♣ .~
♣~~~i~~l.♣..♣
♣♣~~.lD~..~~♣
♣♣<.○~w~~~.♣
♣..~~~..~.♣
♣♣.~.~.~~..♣
♣~♣♣~~~~~.♣
♣~♣♣v~♣~♣..♣
♣~.♣....~~(♣


You could see a four-headed hydra, 3 alligators, 2 tyrant leeches, a spriggan
druid, a goliath frog, a will-o-the-wisp and a swamp worm.

Vanquished Creatures
  Nessos (D:12)
  A white draconian (IceCv)
  A minotaur (Lair:4)
  Snorg (D:11)
  Fannar (D:12)
  10 hydras
  A two-headed ogre (D:11)
  Erica (D:11)
  2 boulder beetles
  6 death yaks (Lair:5)
  2 thrashing horrors (Lair:5)
  A skyshark (Lair:4)
  4 large abominations (Lair:5)
  A death drake (shapeshifter) (Lair:5)
  2 orc sorcerers
  4 ugly things
  A deep elf pyromancer (D:13)
  A will-o-the-wisp (Lair:3)
  2 ice statues (IceCv)
  4 black mambas
  6 elephants (Lair:3)
  A smoke demon (Lair:5)
  13 cane toads
  7 rime drakes
  A cane toad (shapeshifter) (Lair:5)
  5 komodo dragons
  2 trolls
  A hornet (D:9)
  A polar bear (Lair:5)
  34 blink frogs
  A raiju (Lair:5)
  2 culicivoras (Lair:3)
  A ynoxinul (Lair:5)
  Sigmund (D:4)
  A shadow (D:11)
  10 small abominations (Lair:5)
  5 humans (D:6)
  2 wraiths
  40 yaks
  A vampire (D:11)
  3 wyverns
  6 basilisks
  4 wargs
  12 vampire mosquitoes
  2 chaos spawn (Lair:5)
  Menkaure (D:5)
  A swamp worm (Swamp:1)
  An acid dragon (D:12)
  8 water moccasins
  19 orc warriors
  2 black bears
  3 sky beasts (D:6)
  6 centaurs
  5 ogres
  11 wolves
  2 phantoms
  7 kobold brigands
  8 bullfrogs
  3 gnoll sergeants
  3 scorpions
  4 wights (D:9)
  9 killer bees
  2 lindwurm simulacra (IceCv)
  4 howler monkeys
  7 electric eels (D:11)
  A crimson imp (D:7)
  4 hounds
  6 komodo dragon simulacra (IceCv)
  11 orc priests
  2 jellies
  A gnoll bouda (D:8)
  Ijyb (D:5)
  2 iguanas
  Terence (D:2)
  11 orc wizards
  6 acid dragon simulacra (IceCv)
  28 gnolls
  7 adders
  3 river rats (Sewer)
  2 white imps (D:5)
  7 steam dragon simulacra (IceCv)
  2 ribbon worms
  4 dart slugs
  60 orcs
  8 ball pythons
  14 bats
  5 endoplasms
  7 giant cockroaches
  9 goblins
  6 hobgoblins
  6 jackals
  30 kobolds
  6 quokkas
  2 frilled lizards (D:1)
  11 rats
578 creatures vanquished.

Vanquished Creatures (collateral kills)
  A black bear (D:5)
  A centaur (D:5)
2 creatures vanquished.

Vanquished Creatures (others)
  2 foxfires (Lair:3)
2 creatures vanquished.

Grand Total: 582 creatures vanquished

Notes
Turn   | Place    | Note
-------+----------+-------------------------------------------
     0 | D:1      | runemasterragnar the Coglin Gladiator began the quest for
                  | the Orb.
     0 | D:1      | Reached XP level 1. HP: 16/16 MP: 1/1
    25 | D:1      | Reached XP level 2. HP: 17/22 MP: 2/2
   163 | D:1      | Reached XP level 3. HP: 28/28 MP: 3/3
   294 | D:1      | Reached skill level 4 in Axes
   648 | D:2      | Reached XP level 4. HP: 31/34 MP: 4/4
   693 | D:2      | Identified the +0 pair of gloves of Lucidity {Str+5}
   854 | D:2      | Noticed Terence
   864 | D:2      | Killed Terence
  1168 | D:2      | Identified the +1 short sword of Brutal Revenge {chaos,
                  | rElec Will+ Dex+3}
  1237 | D:2      | Reached XP level 5. HP: 41/41 MP: 5/5
  2064 | D:3      | Found a runed translucent door.
  2070 | D:3      | Noticed CougarLife's ghost (amateur GrEE)
  2112 | D:3      | Reached skill level 1 in Evocations
  2268 | D:3      | Found a runed translucent door.
  2334 | D:4      | Noticed an ogre
  2342 | D:4      | Killed an ogre
  2343 | D:4      | Reached skill level 5 in Axes
  2343 | D:4      | Reached skill level 1 in Armour
  2343 | D:4      | Reached XP level 6. HP: 45/47 MP: 6/6
  2378 | D:4      | Found a staircase to the Ecumenical Temple.
  2395 | Temple   | Found a transporter.
  2395 | Temple   | Found a transporter.
  2395 | Temple   | Found a transporter.
  2395 | Temple   | Found a transporter.
  2395 | Temple   | Entered the Ecumenical Temple
  2411 | Temple   | Became a worshipper of the Wu Jian Council
  2473 | D:4      | Found a broken altar of Ashenzari.
  2486 | D:4      | Noticed Sigmund
  2495 | D:4      | Killed Sigmund
  2496 | D:4      | Reached XP level 7. HP: 49/53 MP: 7/7
  2905 | D:4      | Found Iwox's Antique Armour Shoppe.
  2945 | D:5      | Entered Level 5 of the Dungeon
  2956 | D:5      | Reached skill level 6 in Axes
  3016 | D:5      | Identified a scroll of acquirement
  3016 | D:5      | Acquired the +2 pair of gloves "Mazokku" {Int+4 Dex-2
                  | Slay+3}
  3059 | D:5      | Reached XP level 8. HP: 57/61 MP: 8/8
  3076 | D:5      | Found a glowing drain.
  3086 | Sewer    | Entered a sewer
  3087 | Sewer    | Reached * piety under Wu Jian
  3181 | Sewer    | Found a white marble altar of Elyvilon.
  3499 | D:5      | Noticed Menkaure
  3501 | D:5      | Killed Menkaure
  3502 | D:5      | Reached skill level 7 in Axes
  3558 | D:5      | Noticed Ijyb
  3563 | D:5      | Killed Ijyb
  3764 | D:6      | Found a bloodstained altar of Trog.
  3799 | D:6      | Found a glowing golden altar of the Shining One.
  3808 | D:6      | Reached skill level 5 in Fighting
  4074 | D:6      | Reached skill level 5 in Evocations
  4294 | D:6      | Reached XP level 9. HP: 68/68 MP: 9/9
  4338 | D:6      | Reached skill level 8 in Axes
  4591 | D:6      | Reached ** piety under Wu Jian
  5090 | D:7      | Identified the +1 chain mail of Ceafrar {^Contam rElec
                  | Int+3 Stlth+}
  5096 | D:7      | Reached skill level 5 in Throwing
  5192 | D:7      | Reached skill level 9 in Axes
  5192 | D:7      | Reached XP level 10. HP: 58/76 MP: 10/10
  5497 | D:7      | Found a burning altar of Makhleb.
  5716 | D:8      | Reached *** piety under Wu Jian
  6421 | D:8      | Reached skill level 5 in Armour
  6566 | D:9      | Found a staircase to the Orcish Mines.
  6566 | D:9      | Reached **** piety under Wu Jian
  6734 | D:9      | Found an opulent altar of Gozag.
  6749 | D:9      | Paralysed by a hornet for 2 turns
  7184 | D:10     | Entered Level 10 of the Dungeon
  7407 | D:10     | Reached skill level 10 in Axes
  7473 | D:10     | Found a flagged portal.
  7482 | Bailey   | Entered a bailey
  7803 | Bailey   | Found an iron altar of Okawaru.
  8094 | D:10     | Reached XP level 11. HP: 69/84 MP: 11/11
  8910 | D:11     | Noticed a red ugly thing
  8919 | D:11     | Killed a red ugly thing
  9545 | D:11     | Found a staircase to the Lair.
  9564 | D:11     | Noticed Snorg
  9575 | D:11     | Killed Snorg
  9576 | D:11     | Reached skill level 11 in Axes
  9577 | D:11     | Found a runed translucent door.
  9598 | D:11     | Noticed a two-headed ogre
  9608 | D:11     | Killed a two-headed ogre
  9615 | D:11     | Found a runed translucent door.
  9617 | D:11     | Noticed Erica
  9634 | D:11     | Found a runed translucent door.
  9648 | D:11     | Found a runed translucent door.
  9651 | D:11     | Noticed an orange crystal statue
  9680 | D:11     | Killed Erica
 10389 | D:12     | Noticed Nessos
 10401 | D:12     | Killed Nessos
 10749 | D:12     | Noticed Fannar
 10753 | D:12     | Killed Fannar
 10918 | D:12     | Noticed a cyan ugly thing
 10924 | D:12     | Killed a cyan ugly thing
 11290 | D:13     | Reached XP level 12. HP: 94/94 MP: 12/12
 11508 | D:13     | Found a shadowy altar of Dithmenos.
 11707 | D:13     | Reached skill level 12 in Axes
 11904 | D:13     | Noticed a boulder beetle
 11916 | D:13     | Killed a boulder beetle
 12212 | D:14     | Noticed a four-headed hydra
 12212 | D:14     | Noticed a boulder beetle
 12283 | Lair:1   | Entered Level 1 of the Lair of Beasts
 12295 | Lair:1   | Reached skill level 10 in Evocations
 12392 | Lair:1   | Found a frozen archway.
 12401 | IceCv    | Entered an ice cave
 12406 | IceCv    | Reached ***** piety under Wu Jian
 12737 | IceCv    | Noticed a white draconian
 12771 | IceCv    | Killed a white draconian
 13048 | IceCv    | Identified the +5 glaive of the Spheres {freeze, rElec rF++
                  | rC+ Stlth-}
 13199 | IceCv    | Identified the amulet of Foolhardiness {Reflect Int+5 SH+5}
 13448 | Lair:1   | Found a large runed translucent door.
 13448 | Lair:1   | Found a large runed translucent door.
 13449 | Lair:1   | Noticed jamsaran's ghost (novice DgAl)
 13465 | Lair:1   | Found the amulet of Elemental Vulnerability {rPois rF--
                  | rC-- AC+8}
 14193 | Lair:1   | Reached skill level 13 in Axes
 14835 | Lair:2   | Reached XP level 13. HP: 101/101 MP: 13/13
 16139 | Lair:3   | Found a staircase to the Swamp.
 16675 | Lair:3   | Found a hole to the Spider Nest.
 16928 | Lair:4   | Found a runed translucent door.
 16966 | Lair:4   | Reached skill level 10 in Fighting
 17097 | Lair:4   | Reached skill level 14 in Axes
 17323 | Lair:4   | Noticed a minotaur
 17330 | Lair:4   | Killed a minotaur
 17340 | Lair:4   | Acquired the scarf of Balyz {+Inv, rElec rPois rN+++ Dex-3}
 17541 | Lair:3   | Learned a level 1 spell: Apportation
 18204 | Lair:4   | Reached XP level 14. HP: 99/111 MP: 14/14
 18317 | Lair:4   | Found a viscous altar of Jiyva.
 18318 | Lair:4   | Found a staircase to the Slime Pits.
 18604 | Lair:5   | Entered Level 5 of the Lair of Beasts
 18734 | Lair:5   | Reached ****** piety under Wu Jian
 19393 | Lair:5   | Reached skill level 15 in Axes
 20756 | Lair:5   | Reached skill level 10 in Throwing
 21036 | Lair:5   | Found a corrupted altar of Lugonu.
 21036 | Lair:5   | Found a one-way gate to the infinite horrors of the Abyss.
 21048 | Lair:5   | Got the Compendium of the Transforming Fair Folk
 21645 | Orc:1    | Entered Level 1 of the Orcish Mines
 21646 | Orc:1    | You fall into a shaft and drop 1 floor!
 21646 | Orc:2    | Entered Level 2 of the Orcish Mines
 21975 | Orc:2    | Found a roughly hewn altar of Beogh.
 22144 | Orc:2    | Reached XP level 15. HP: 119/119 MP: 15/15
 22158 | Orc:2    | Found a staircase to the Elven Halls.
 22247 | Orc:1    | Noticed an orc warlord
 22671 | D:9      | Acquired a megascope WL-30 {Gadgeteer, Will+ Slay+3}
 23413 | Swamp:1  | Entered Level 1 of the Swamp
 23421 | Swamp:1  | HP: 3/119 [alligator (10)]
 23421 | Swamp:1  | Slain by an alligator

Illustrated notes

Levels and vault maps discovered:
D:1:      dpeg_arrival_rooms_b, layout_basic
D:2:      layout_basic, serial_bayou_pond_e, amcnicky_mini_pool_small,
          uniq_terence
D:3:      layout_basic, ebering_ghost_sewer_f
D:4:      layout_basic, nicolae_ashenzari_panopticon,
          minmay_temple_entry_sparse_star, serial_shops,
          nicolae_shop_behind_doors, uniq_sigmund
D:5:      layout_loops_ring, portal_sewer_entry_f, uniq_menkaure, uniq_ijyb
D:6:      layout_loops_cross, mainiacjoe_overflow_catch_the_wave,
          minmay_ruffians
D:7:      statuecave_lemuel, layout_basic, makhleb_grotto_becter
D:8:      layout_loops_cross, serial_aquarium, aquarium_bridge_straight
          [aquarium_subvault_bridge, aquarium_subvault_window,
          aquarium_subvault_bridge, aquarium_subvault_wall],
          aquarium_window_corridor_1, aquarium_window_2, aquarium_window_corner,
          aquarium_window_1, aquarium_view_2a, aquarium_view_2d,
          aquarium_balcony_1a, chequers_serial_rivers_micro_c,
          serial_bayou_pond_e, hex_medium
D:9:      layout_basic, nicolae_gozag_seed_capital, david_orc_2
D:10:     minmay_angry_zag, layout_long_grid, enter_bailey_8,
          roderic_serpentine_path
D:11:     layout_basic, lair_entry_dummy, minmay_statue_crystal_thing,
          uniq_snorg, uniq_erica
D:12:     layout_rooms, uniq_nessos, uniq_fannar
D:13:     layout_long_grid, nicolae_dithmenos_through_a_glass_darkly
D:14:     layout_loops_corners, skrybe_vaults_entry_preservation,
          minmay_misc_feat_alley, serial_glass, glass_columns_a, glass_columns_c
Temple:   hellmonk_temple_divided_pantheon
Lair:1:   layout_small_grid, ebering_ghost_disaster_area,
          portal_ice_cave_entry_ice_simulacra
Lair:2:   layout_chaotic_city
Lair:3:   layout_long_grid, minmay_swamp_entry_wisps,
          hellmonk_spider_entry_life_and_decay, infiniplex_staircase_pool
Lair:4:   dreamdust_labyrinth, layout_gridlike, slime_entry_1
Lair:5:   hellmonk_lair_end_abyssal_woods, layout_cave_pods, minivault_25,
          lemuel_old_faithful
Swamp:1:  layout_falls_marsh, evilmike_swamp_ruin_house_2
Orc:1:    layout_caves, minmay_orc_temple_c
Orc:2:    st_orc_pillars, layout_caves, basic_altar, uniq_rupert

Skill      XL: |  1  2  3  4  5  6  7  8  9 10 11 12 13 14 |
---------------+-------------------------------------------+-----
Axes           | 4 5 6 7 9 10 11 13 14 15 | 15.8
Fighting       | 3 4 5 6 7 8 9 10 11 | 11.3
Evocations     | 1 2 3 5 6 8 9 10 12 13 | 13.5
Throwing       | 2 3 4 5 6 7 8 9 10 | 10.2
Armour         | 1 2 3 4 5 6 7 8 9 |  9.7
Dodging        | |  2.6

Action                     |  1- 3 |  4- 6 |  7- 9 | 10-12 | 13-15 || total
---------------------------+-------+-------+-------+-------+-------++-------
  Melee: War axe           |    58 |    87 |   173 |   440 |   496 ||  1254
         Dagger            |    52 |    29 |       |       |       ||    81
         Flail             |       |    32 |   169 |   412 |   462 ||  1075
         Hand axe          |       |    15 |       |       |       ||    15
  Throw: Dart              |       |       |       |    16 |     2 ||    18
         Throwing net      |       |       |       |     4 |       ||     4
         Javelin           |       |       |       |     2 |       ||     2
         Boomerang         |       |       |       |    33 |    81 ||   114
 Invoke: Serpent's Lash    |       |       |       |     1 |     1 ||     2
Ability: Lunge             |       |       |    23 |    41 |    31 ||    95
         Whirlwind         |       |       |     3 |     2 |    16 ||    21
         Wall Jump         |       |       |       |     7 |     3 ||    10
         Invent Gizmo      |       |       |       |       |     1 ||     1
  Evoke: Wand              |       |       |       |    13 |    17 ||    30
    Use: Scroll            |       |     5 |     9 |    11 |    16 ||    41
         Potion            |       |       |       |     3 |     5 ||     8
   Stab: Paralysed         |       |       |       |     5 |       ||     5
         Held in net/web   |       |       |       |     2 |       ||     2
 Armour: Leather armour    |    39 |    17 |       |       |       ||    56
         Scale mail        |       |    47 |   145 |   122 |       ||   314
         Chain mail        |       |       |       |   284 |   607 ||   891
  Dodge: Dodged            |    54 |    51 |    92 |   183 |   224 ||   604

Table legend: (Time is in decaauts)
 A = Elapsed time spent in this place.
 B = Non-inter-level travel time spent in this place.
 C = Inter-level travel time spent in this place.
 D = Time resting spent in this place.
 E = Time spent auto-exploring this place.
 F = Levels seen in this place.
 G = Mean time per level.
                   A        B        C        D        E       F      G
               +--------+--------+--------+--------+--------+-----+--------+
         Total |  23477 |  22518 |    959 |   4550 |  14169 |  26 |  903.0 |
       Dungeon |  12784 |  12168 |    616 |   2514 |   7846 |  14 |  913.1 |
        Temple |     46 |     46 |      0 |      0 |      0 |   1 |   46.0 |
          Lair |   8350 |   8008 |    342 |   1486 |   5376 |   5 | 1670.0 |
         Swamp |      8 |      8 |      0 |      0 |      0 |   1 |    8.0 |
  Orcish Mines |    617 |    617 |      0 |    251 |    227 |   2 |  308.5 |
         Sewer |    251 |    251 |      0 |      0 |    132 |   1 |  251.0 |
        Bailey |    509 |    509 |      0 |     46 |    290 |   1 |  509.0 |
      Ice Cave |    910 |    910 |      0 |    251 |    297 |   1 |  910.0 |
               +--------+--------+--------+--------+--------+-----+--------+

Top non-repeatable levels by time:
  Lair:5: 2508 daAuts
  Lair:4: 1962 daAuts
    D:11: 1822 daAuts
     D:9: 1653 daAuts
  Lair:1: 1481 daAuts
  Lair:3: 1391 daAuts
     D:2: 1221 daAuts
     D:6: 1192 daAuts
    D:13: 1059 daAuts
    D:10: 1033 daAuts
  Lair:2: 1006 daAuts
   IceCv: 910 daAuts
    D:12: 867 daAuts
     D:8: 840 daAuts
     D:7: 778 daAuts
